Map: Lightshade LE

Players

Future

  • Race: Terran Terran
  • Spawn Location: 11:00

Scarlett - Winner!

  • Race: Zerg Zerg
  • League: Master
  • Spawn Location: 5:00

Event: DreamHack SC2 Masters 2020 Winter

VOD

Have the link to the VOD?

Description

Time

  • Played on: Oct. 27, 2020, 4:40 p.m.
  • Length: 3:34

All games in this series

Show
View Real Time Build Order
Export as new Build Order

Future Terran 

Build Orders:  

Get SALT Encoding   

  12  0:00  SCV  
  13  0:12  SCV  
  14  0:17  Supply Depot  
  14  0:24  SCV  
  15  0:41  Barracks  
  15  0:50  Barracks  
  15  0:53  SCV  
  16  1:05  SCV  
  16  1:06  Refinery  
  17  1:17  SCV  
  18  1:28  Marine  
  18  1:29  Orbital Command  
  19  1:37  Marine  
  19  1:39  Supply Depot  
  20  1:46  Marine  
  21  1:55  Marine  
  21  1:57  Bunker, SCV  
  23  2:04  Marine  
  24  2:10  Bunker  
  24  2:13  Marine  
  25  2:18  Bunker  
  25  2:22  Marine  
  26  2:31  Marine  
  26  2:35  SCV  
  27  2:40  Factory, Marine  
  28  2:49  Marine  
  28  2:50  SCV  
  29  2:58  Marine  
  29  3:05  Supply Depot  
  30  3:06  Marine  
  31  3:22  SCV  
Show
View Real Time Build Order
Export as new Build Order

Scarlett Zerg - Winner!

Build Orders: Pool First 

Get SALT Encoding   

  12  0:00  Drone  
  13  0:12  Overlord  
  13  0:16  Drone  
  14  0:30  Drone x2  
  14  0:34  Drone  
  17  0:46  Drone  
  17  0:47  Spawning Pool  
  17  0:49  Extractor  
  16  0:56  Drone  
  17  1:07  Drone  
  18  1:15  Hatchery  
  17  1:19  Drone  
  18  1:35  Queen  
  18  1:36  Zergling x2  
  18  1:38  Zergling x2  
  22  1:50  Overlord  
  22  2:04  Roach Warren  
  21  2:11  Queen  
  23  2:21  Drone  
  24  2:24  Drone  
  24  2:25  Overlord  
  24  2:28  Queen  
  27  2:43  Roach  
  27  2:44  Roach x2  
  33  2:49  Roach  
  35  2:54  Roach  
  37  3:01  Roach  
  37  3:04  Ravager  
  40  3:07  Overlord  
  38  3:25  Ravager  
Tags
 
Add a new tag
Caveats
  • Supply blocks, unpowered buildings, or Contaminate may cause inaccurate times.
  • Supply counts are checked every 10 seconds.